 Dungeon Crawl Stone Soup version 0.31.0-2-g5a2aebc5c2 (webtiles) character file.

Game seed: 14433090472890967312

74 solopath the Ruffian (level 4, -6/40 HPs)
             Began as a Troll Shapeshifter on Jan 20, 2024.
             Mangled by a gnoll
             ... wielding a +0 halberd
              (9 damage)
             ... on level 2 of the Dungeon.
             The game lasted 00:01:17 (851 turns).

solopath the Ruffian (Troll Shapeshifter)            Turns: 851, Time: 00:01:18

Health: -6/40      AC:  4    Str: 24    XL:     4   Next: 10%
Magic:  3/3        EV:  9    Int:  6    God:
Gold:   68         SH:  0    Dex:  9    Spells: 3/3 levels left

rFire   . .          .
                       - Unarmed
rCold   . . .        (no shield)
rNeg    . . .        a - +0 animal skin
rPois   .            (helmet currently unavailable)
rElec   .            (cloak currently unavailable)
rCorr   .            (gloves unavailable)
SInv    .            (boots unavailable)
Will    .....        (no amulet)
Stlth   +            (no ring)
HPRegen 1.06/turn    (no ring)
MPRegen 0.08/turn

%: no passive effects
@: beast-form
A: beast (slay +2), large, unfitting armour, claws 3, regeneration 1, shaggy fur
1, tough skin 1
a: Begin Untransformation


You were on level 2 of the Dungeon.
You were a hulking beast.
You visited 1 branch of the dungeon, and saw 2 of its levels.

You collected 68 gold pieces.

Inventory:

Armour
 a - a +0 animal skin (worn)
Talismans
 c - a beast talisman
 d - a flux talisman
Scrolls
 e - a scroll of identify {unknown}
 f - a scroll of fog {unknown}
Potions
 b - a potion of lignification


   Skills:
 - Level 0.7 Fighting
 + Level 1.9 Dodging
 * Level 4.3 Unarmed Combat
 + Level 3.5 Shapeshifting


You had 3 spell levels left.
You didn't know any spells.
Your spell library contained the following spells:

 Spells                   Type           Power      Damage    Failure   Level
 Slow                     Hex            0%         N/A       45%         1
 Confusing Touch          Hex            0%         N/A       83%         3
 Sigil of Binding         Hex            0%         N/A       83%         3
 Vampiric Draining        Necr           0%         2d6       83%         3


Dungeon Overview and Level Annotations

Branches:
Dungeon (2/15)

Altars:


Innate Abilities, Weirdness & Mutations

You are a hulking beast.
Your limbs bulge with bestial killing power. (Slay +2)
You are too large for most types of armour.
You have claws for hands.
Your natural rate of healing is unusually fast.
You are covered in fur. (AC +1)
You have tough skin. (AC +1)


Message History

You are too injured to fight recklessly!
You are too injured to fight recklessly!
You are too injured to fight recklessly!
Unknown command.
You scratch the gnoll.
You kill the gnoll!
Unknown command.
The rat barely misses you. The gnoll barely misses you.
You scratch the gnoll.
The gnoll is lightly wounded.
The rat bites you. The gnoll hits you with a +0 flail!
* * * LOW HITPOINT WARNING * * *
The gnoll barely misses you.
Unknown command.
You claw the gnoll!
The gnoll is severely wounded.
The rat bites you.
* * * LOW HITPOINT WARNING * * *
The gnoll barely misses you.
You claw the gnoll!
You kill the gnoll!
The rat bites you but does no damage.
The gnoll hits you from afar with a +0 halberd.
* * * LOW HITPOINT WARNING * * *
You have reached level 4!
You claw the rat!
You kill the rat!
The ball python bites you but does no damage.
Unknown command.
You barely miss the ball python. The gnoll hits you but does no damage.
The ball python bites you.
* * * LOW HITPOINT WARNING * * *
Unknown command.
You claw the ball python!
You kill the ball python!
The gnoll hits you from afar with a +0 halberd.
* * * LOW HITPOINT WARNING * * *
Unknown command.
The gnoll hits you with a +0 halberd!
You die...

#.#. ....#....#####
..#..........####
##.##?#........#.. #
##................
..###......#........# .
#.......# #........#$#
.....<..####[....g....#
....#...#..#...)h....##
..#....)#.......).....#
. #.#...#.#............#
#.##....##..!.........
.......#................
.##.####...[.#..........
# #..#.............
....#.##..........
####.#.###........


You could see a gnoll.

Vanquished Creatures
  3 gnolls (D:2)
  3 dart slugs (D:1)
  A ribbon worm (D:2)
  4 ball pythons
  2 endoplasms
  A giant cockroach (D:1)
  3 goblins
  6 hobgoblins (D:1)
  4 jackals (D:1)
  3 kobolds (D:1)
  A frilled lizard (D:1)
  4 rats
35 creatures vanquished.

Notes
Turn   | Place    | Note
-------+----------+-------------------------------------------
     0 | D:1      | solopath the Troll Shapeshifter began the quest for the
                  | Orb.
     0 | D:1      | Reached XP level 1. HP: 18/18 MP: 0/0
   102 | D:1      | Reached XP level 2. HP: 26/26 MP: 1/1
   273 | D:1      | Reached XP level 3. HP: 32/32 MP: 2/2
   819 | D:2      | Reached skill level 4 in Unarmed Combat
   848 | D:2      | Reached XP level 4. HP: 4/40 MP: 3/3
   850 | D:2      | HP: 2/40 [gnoll/+0 halberd (4)]
   851 | D:2      | Mangled by a gnoll

Illustrated notes

Levels and vault maps discovered:
D:1:      minmay_arrival_nine_rooms, layout_basic,
          hangedman_decor_clover_reticule
D:2:      layout_rooms, serial_shops, shop, minmay_misc_feat_hallway

Skill      XL: |  1  2  3 |
---------------+----------+-----
Unarmed Combat | 4 |  4.3
Fighting       | |  0.7
Dodging        | |  1.9
Shapeshifting  | |  3.5

Action                     |  1- 3 |  4- 6 || total
---------------------------+-------+-------++-------
  Melee: Unarmed           |    81 |     3 ||    84
         Punch             |     2 |       ||     2
 Armour: Animal skin       |    55 |     5 ||    60
  Dodge: Dodged            |    28 |       ||    28
